 Dungeon Crawl Stone Soup version 0.18.1-8-gdd0e5ea (webtiles) character file.

260 qqqbard the Skirmisher (level 5, -1/46 HPs)
             Began as a Centaur Fighter on June 3, 2016.
             Killed from afar by an orc wizard (9 damage)
             ... with a puff of frost
             ... on level 3 of the Dungeon.
             The game lasted 00:07:03 (2610 turns).

qqqbard the Skirmisher (Centaur Fighter)            Turns: 2610, Time: 00:07:04

Health: -1/46      AC:  6    Str: 19    XL:     5   Next: 95%
Magic:  5/5        EV:  6    Int:  7    God:
Gold:   139        SH:  9    Dex:  9    Spells: 0 memorised, 4 levels left

rFire  . . .     SeeInvis .     q - +2 trident (vamp)
rCold  . . .     Gourm    .     b - +0 scale mail
rNeg   . . .     Faith    .     c - +0 shield
rPois  .         Spirit   .     (no helmet)
rElec  .         Dismiss  .     (no cloak)
rCorr  .         Reflect  .     (no gloves)
SustAt .         Harm     .     (no barding)
MR     .....                    (no amulet)
Stlth  ..........               (no ring)
                                (no ring)

@: very quick, not resistant to hostile enchantments, extremely unstealthy
A: hooves 3, deformed body, speed 2, tough skin 3
a: no special abilities


You were on level 3 of the Dungeon.
You were not hungry.

You visited 1 branch of the dungeon, and saw 3 of its levels.

You collected 139 gold pieces.

Inventory:

Hand Weapons
 a - a +0 flail
 q - a +2 vampiric trident (weapon)
Armour
 b - a +0 scale mail (worn)
 c - a +0 shield (worn)
Scrolls
 e - a scroll of remove curse {unknown}
 g - a scroll of random uselessness {unknown}
 h - a scroll of enchant armour {unknown}
 j - 2 scrolls of teleportation {unknown}
 l - 3 scrolls of identify {unknown}
 m - 2 scrolls of enchant weapon {unknown}
Potions
 i - a potion of curing {unknown}
 k - a potion of magic {unknown}
 n - a potion of haste {unknown}
 o - a potion of flight {unknown}
 p - a potion of invisibility {unknown}
 r - a potion of brilliance {unknown}
 s - a potion of heal wounds {unknown}
 t - a potion of degeneration {unknown}
Comestibles
 f - a bread ration


   Skills:
 + Level 3.7 Fighting
 + Level 2.5 Maces & Flails
 + Level 3.2 Armour
 + Level 1.4 Dodging
 + Level 3.2 Shields


You had 4 spell levels left.
You didn't know any spells.

Dungeon Overview and Level Annotations

Branches:
Dungeon (3/15)

Altars:


Innate Abilities, Weirdness & Mutations

You have hooves in place of feet.
Armour fits poorly on your strangely shaped body.
You cover ground very quickly.
You have extremely tough skin (AC +3).


Message History

You miss the bat. The bat barely misses you.
The bat hits you but does no damage. The bat barely misses you.
You barely miss the bat. Your kick misses the bat.
The bat hits you but does no damage.
You impale the bat!!
You kill the bat!
You hear some strange, mumbled words.
You see here 11 gold pieces.
You start resting.
The orc wizard looks braver for a moment.
You feel a little less mighty now.
Attack whom?
Press: ? - help, Dir - move target cursor, f - orc wizard
Aim: an orc wizard, wielding a dagger and wearing a robe (fast)
You reach to attack!
Your shield and scale mail prevent you from hitting the orc wizard.
The orc wizard miscasts a cantrip.
The orc wizard points at you and mumbles some strange words.
The puff of frost hits you!
You die...

#.##..### #####.
#.##.#.. ...o.
#.##.#.# #..o
##.##.#.#######o..
#.................
#.o..........#....
#o###.#.#.##...#..
#.# #.#.#)##.###..
#@# #o#.#[##.####.
#.# #.#...........
#.# #............#
#.# #####.##.#####
#.# #.##.# #. #.#
#.##.# #. #.#
#.##.####. #.#
#.##...... #o####
#.o..#####


You could see an orc warrior and an orc wizard.

Vanquished Creatures
  A hound (D:3)
  An orc priest (D:3)
  An orc wizard (D:3)
  Terence (D:2)
  6 adders
  2 worms (D:2)
  7 dart slugs
  2 giant geckos
  4 orcs (D:3)
  A ball python (D:2)
  3 giant cockroaches
  6 goblins
  5 hobgoblins (D:1)
  A jackal (D:1)
  11 bats
  5 giant newts
  9 kobolds
  7 rats
73 creatures vanquished.

Notes
Turn   | Place    | Note
--------------------------------------------------------------
     0 | D:1      | qqqbard the Centaur Fighter began the quest for the Orb.
     0 | D:1      | Reached XP level 1. HP: 19/19 MP: 1/1
   123 | D:1      | Reached XP level 2. HP: 23/26 MP: 2/2
   629 | D:1      | Reached XP level 3. HP: 30/31 MP: 3/3
  1016 | D:2      | Reached XP level 4. HP: 14/38 MP: 4/4
  1387 | D:2      | Noticed Terence
  1397 | D:2      | Killed Terence
  1755 | D:2      | Reached XP level 5. HP: 37/45 MP: 5/5
  1831 | D:3      | Reached skill level 1 in Dodging
  1864 | D:3      | HP: 2/45 [orc/whip (1)]
  1871 | D:3      | HP: 2/45 [giant cockroach (1)]
  2483 | D:3      | Noticed an orc warrior
  2555 | D:3      | HP: 1/46 [orc warrior/battleaxe (16)]
  2610 | D:3      | Killed from afar by an orc wizard

Skill      XL: |  1  2  3  4  5 |
---------------+----------------+-----
Maces & Flails | 2 |  2.5
Armour         | 3 |  3.2
Dodging        | 1 |  1.4
Shields        | 3 |  3.2
Fighting       | |  3.7

Action                   |  1- 3 |  4- 6 || total
-------------------------+-------+-------++-------
Melee: Flail             |   130 |    99 ||   229
       Kick              |    19 |    29 ||    48
       Trident           |       |    41 ||    41
  Use: Potion            |       |     1 ||     1
  Eat: Meat ration       |       |     1 ||     1
       Bread ration      |       |     1 ||     1
Armor: Scale mail        |    76 |    72 ||   148
Dodge: Dodged            |    27 |    25 ||    52
Block: Shield            |    88 |    58 ||   146
